 Dungeon Crawl Stone Soup version 0.28-a0-834-g1a73be5ee4 (webtiles) character file.

Game seed: 2601573069158418889

119 siradein the Poker (level 5, -7/41 HPs)
             Began as a Merfolk Gladiator on Nov 11, 2021.
             Mangled by an ice beast (12 damage)
             ... on level 4 of the Dungeon.
             The game lasted 00:03:27 (2123 turns).

siradein the Poker (Merfolk Gladiator)              Turns: 2123, Time: 00:03:28

Health: -7/41      AC:  5    Str: 14    XL:     5   Next: 3%
Magic:  5/5        EV: 13    Int:  8    God:
Gold:   126        SH:  0    Dex: 16    Spells: 4/4 levels left

rFire   . . .      SeeInvis .   a - +0 trident
rCold   . . .      Faith    .   (no shield)
rNeg    . . .      Spirit   .   b - +0 leather armour
rPois   .          Reflect  .   c - +0 helmet
rElec   .          Harm     .   r - +0 cloak {Will+}
rCorr   .          Rampage  .   (no gloves)
Will    +....                   (no boots)
Stlth   +.........              f - amulet of the acrobat
HPRegen 0.13/turn               u - +4 ring of slaying
MPRegen 0.09/turn               (no ring)

@: no status effects
A: (nimble swimmer 2), mertail
a: no special abilities


You were on level 4 of the Dungeon.
You visited 1 branch of the dungeon, and saw 6 of its levels.

You collected 126 gold pieces.

Inventory:

Hand Weapons
 a - a +0 trident (weapon)
Missiles
 d - 3 throwing nets
 o - 30 poisoned darts
 s - 25 stones (quivered)
Armour
 b - a +0 leather armour (worn)
 c - a +0 helmet (worn)
 r - a +0 cloak of willpower (worn)
Jewellery
 f - an amulet of the acrobat (around neck)
 u - a +4 ring of slaying (left hand)
Wands
 m - a wand of acid (8)
Scrolls
 e - 4 scrolls of identify {unknown}
 i - a scroll of acquirement {unknown}
 j - a scroll of immolation {unknown}
 k - a scroll of blinking {unknown}
 n - a scroll of brand weapon {unknown}
 p - a scroll of magic mapping {unknown}
 t - a scroll of holy word {unknown}
Potions
 g - a potion of cancellation {unknown}
 h - a potion of brilliance {unknown}
 l - a potion of magic {unknown}
 q - a potion of haste {unknown}


   Skills:
 + Level 3.1 Fighting
 + Level 5.3 Polearms
 + Level 2.8 Throwing
 + Level 1.2 Armour
 + Level 4.8 Dodging


You had 4 spell levels left.
You didn't know any spells.
Your spell library contained the following spells:

 Spells                   Type           Power      Damage    Failure   Level
 Animate Skeleton         Necr           0%         N/A       47%         1
 Apportation              Tloc           0%         N/A       47%         1
 Summon Small Mammal      Summ           0%         N/A       47%         1


Dungeon Overview and Level Annotations

Branches:
Dungeon (6/15)
 Temple: D:4-7

Altars:
The Shining One


Innate Abilities, Weirdness & Mutations

((You are quick and stealthy near water. (Stealth+, EV+, Speed+++)))
Your lower body shifts to a powerful aquatic tail in water.


Message History

An orc wizard comes into view. It is wielding a +0 dagger.
Found an escape hatch in the ceiling.
The orc wizard shouts!
The orc hits you but does no damage. The orc completely misses you.
The orc hits you with a +0 flail. The sky beast completely misses you.
An iguana comes into view.
The sky beast flickers out of sight!
Deactivating autopickup; reactivate with Ctrl-A.
There is an escape hatch in the ceiling here.
The ice beast hits you but does no damage.
The orc wizard barely misses you. A mysterious force pulls you upwards.
The hatch slams shut behind you.
Reactivating autopickup.
The black bear growls angrily.
A giant cockroach comes into view.
Found a spear.
The orc wizard mumbles some strange words.
The orc wizard flickers and vanishes!
Deactivating autopickup; reactivate with Ctrl-A.
You puncture the giant cockroach!
You kill the giant cockroach!
The ice beast hits you. The ice beast freezes you.
* * * LOW HITPOINT WARNING * * *
You see here a giant cockroach corpse.
A magic dart appears from out of thin air!
The magic dart hits you.
* * * LOW HITPOINT WARNING * * *
The ice beast barely misses you.
Something tries to affect you, but you resist.
Something completely misses you.
You miss something. Something hits you.
* * * LOW HITPOINT WARNING * * *
The ice beast completely misses you.
You miss something. Something hits you but does no damage.
The ice beast hits you.
* * * LOW HITPOINT WARNING * * *
The ice beast freezes you!
You die...

##### #...#
#h#.# #Y#†#
#@#h# #.#.#
#...)........
#.#.#.#######
#.#.#.. #
#.#### #..
###


You could see a black bear and an ice beast.

Vanquished Creatures
  2 iguanas (D:4)
  3 adders (D:2)
  2 dart slugs
  An orc (D:2)
  2 endoplasms (D:1)
  3 giant cockroaches
  5 goblins
  3 hobgoblins
  A jackal (D:1)
  3 kobolds (D:2)
  A quokka (D:2)
  4 ball pythons
  5 bats
  2 frilled lizards
  3 rats
40 creatures vanquished.

Notes
Turn   | Place    | Note
-------+----------+-------------------------------------------
     0 | D:1      | siradein the Merfolk Gladiator began the quest for the Orb.
     0 | D:1      | Reached XP level 1. HP: 16/16 MP: 1/1
   243 | D:1      | Reached XP level 2. HP: 23/23 MP: 2/2
   646 | D:2      | Reached XP level 3. HP: 23/28 MP: 3/3
   732 | D:2      | Found a glowing golden altar of the Shining One.
  1010 | D:2      | Reached skill level 5 in Polearms
  1098 | D:2      | Reached XP level 4. HP: 34/34 MP: 4/4
  1645 | D:2      | Found a faded altar of an unknown god.
  1758 | D:3      | You fall into a shaft and drop 1 floor!
  1767 | D:4      | Reached skill level 1 in Armour
  1888 | D:4      | Reached XP level 5. HP: 29/41 MP: 5/5
  1980 | D:4      | You fall into a shaft and drop 2 floors!
  1980 | D:6      | Noticed an ice beast
  2017 | D:6      | Noticed a sky beast
  2096 | D:5      | Entered Level 5 of the Dungeon
  2098 | D:5      | Noticed a sky beast
  2112 | D:4      | Noticed a black bear
  2123 | D:4      | Mangled by an ice beast

Illustrated notes

Levels and vault maps discovered:
D:1:      lightli_arrival_chessboard, layout_rooms, minmay_misc_feat_chi,
          chequers_serial_rivers_large_b, st_stairs_4
D:2:      layout_basic, shapermc_ecumenical_altar_mp_vishouse, basic_altar,
          minmay_liquid_box, kennysheep_generic_room_10
D:3:      layout_rooms, serial_bayou_pond_b, minmay_puff
D:4:      layout_basic
D:5:      minmay_spotlight, layout_basic, minmay_temple_entry_mini_moons,
          gammafunk_ghost_necromancy
D:6:      layout_loops_corners

Skill      XL: |  1  2  3  4 |
---------------+-------------+-----
Polearms       | 5 |  5.3
Fighting       | 3 |  3.1
Armour         | 1 |  1.2
Throwing       | |  2.8
Dodging        | |  4.8

Action                   |  1- 3 |  4- 6 || total
-------------------------+-------+-------++-------
Melee: Trident           |    85 |    38 ||   123
 Stab: Sleeping          |     2 |     1 ||     3
Armor: Leather armour    |    26 |    10 ||    36
Dodge: Dodged            |    48 |    20 ||    68

Table legend: (Time is in decaauts)
 A = Elapsed time spent in this place.
 B = Non-inter-level travel time spent in this place.
 C = Inter-level travel time spent in this place.
 D = Time resting spent in this place.
 E = Time spent auto-exploring this place.
 F = Levels seen in this place.
 G = Mean time per level.
                   A        B        C        D        E       F      G
               +--------+--------+--------+--------+--------+-----+--------+
         Total |   2094 |   2004 |     90 |      0 |   1579 |   6 |  349.0 |
       Dungeon |   2094 |   2004 |     90 |      0 |   1579 |   6 |  349.0 |
               +--------+--------+--------+--------+--------+-----+--------+

Top non-repeatable levels by time:
     D:2: 1050 daAuts
     D:1: 597 daAuts
     D:4: 233 daAuts
     D:6: 115 daAuts
     D:3: 83 daAuts
     D:5: 15 daAuts
